MAA
NORTONVILLE CHEROKEES @ VIRGINIA BEACH DEUCES
07/14/2018
 
TOP OF THE 1ST
Nortonville Cherokees batting - Pitching for Virginia Beach Deuces : RHP Brent Riley
Pitching: RHP Brent Riley
Batting: RHB Roy Childress 0-0: Ground out 4-3 (Groundball, 4)
Batting: RHB Víctor López 0-0: Called Strike
0-1: Ball
1-1: Fly out, F7 (Flyball, 7S)
Batting: RHB José Correa 0-0: Ball
1-0: Fly out, F8 (Flyball, 8LM)
Top of the 1st over - 0 run(s), 0 hit(s), 0 error(s), 0 left on base; Nortonville 0 - Virginia Beach 0
BOTTOM OF THE 1ST
Virginia Beach Deuces batting - Pitching for Nortonville Cherokees : LHP Clemente Buarcos
Pitching: LHP Clemente Buarcos
Batting: LHB Enrique González 0-0: Ground out U3 (Groundball, 3)
Batting: RHB Roosevelt Gibson 0-0: Called Strike
0-1: Called Strike
0-2: Strikes out swinging
Batting: SHB Daryl Lloyd 0-0: Swinging Strike
0-1: Ball
1-1: Ball
2-1: Foul Ball, location: 2F
2-2: Strikes out swinging
Bottom of the 1st over - 0 run(s), 0 hit(s), 0 error(s), 0 left on base; Nortonville 0 - Virginia Beach 0
TOP OF THE 2ND
Nortonville Cherokees batting - Pitching for Virginia Beach Deuces : RHP Brent Riley
Batting: RHB Bob MacGruder 0-0: Ball
1-0: Ball
2-0: Called Strike
2-1: Ground out 6-3 (Groundball, 6)
Batting: RHB Lane Hancock 0-0: Called Strike
0-1: Fly out, F7 (Flyball, 78XD)
Batting: RHB Ron Schneider 0-0: Foul Ball, location: 2F
0-1: Called Strike
0-2: Ball
1-2: Fly out, F9 (Flyball, 9S)
Top of the 2nd over - 0 run(s), 0 hit(s), 0 error(s), 0 left on base; Nortonville 0 - Virginia Beach 0
BOTTOM OF THE 2ND
Virginia Beach Deuces batting - Pitching for Nortonville Cherokees : LHP Clemente Buarcos
Batting: LHB Álex Burgos 0-0: Called Strike
0-1: Fly out, F8 (Flyball, 8RM)
Batting: RHB Armando Hernández 0-0: Ball
1-0: Ball
2-0: Foul Ball, location: 2F
2-1: Swinging Strike
2-2: Strikes out swinging
Batting: RHB Maurice Evans 0-0: Called Strike
0-1: Ball
1-1: Ball
2-1: Foul Ball, location: 2F
2-2: Fly out, F8 (Flyball, 8LM)
Bottom of the 2nd over - 0 run(s), 0 hit(s), 0 error(s), 0 left on base; Nortonville 0 - Virginia Beach 0
TOP OF THE 3RD
Nortonville Cherokees batting - Pitching for Virginia Beach Deuces : RHP Brent Riley
Batting: RHB Chris Oudekirk 0-0: Called Strike
0-1: Ball
1-1: Foul Ball, location: 2F
1-2: Ball
2-2: Ball
3-2: Foul Ball, location: 2F
3-2: Strikes out swinging
Batting: RHB David Smith 0-0: Ball
1-0: Called Strike
1-1: Foul Ball, location: 2F
1-2: Ground out 6-3 (Groundball, 6MD)
Batting: SHB Gonzalo Valentín 0-0: Reached on error, E3 (Groundball, 3L)
Batting: RHB Roy Childress 0-0: Called Strike
0-1: DOUBLE (Line Drive, 9LM)
Gonzalo Valentín to third
Batting: RHB Víctor López 0-0: Called Strike
0-1: Called Strike
0-2: Strikes out swinging
Top of the 3rd over - 0 run(s), 1 hit(s), 1 error(s), 2 left on base; Nortonville 0 - Virginia Beach 0
BOTTOM OF THE 3RD
Virginia Beach Deuces batting - Pitching for Nortonville Cherokees : LHP Clemente Buarcos
Batting: RHB Héctor Camacho 0-0: Ball
1-0: SOLO HOME RUN (Flyball, 7D), Distance : 416 ft
Batting: RHB Álex Escobar 0-0: Ball
1-0: Foul Ball, location: 2F
1-1: SINGLE (Line Drive, 56D)
Batting: RHB Carl Carlson 0-0: Ground out 4-3 (Groundball, 4M)
Álex Escobar to second
Batting: LHB Enrique González 0-0: Ground out 4-3 (Groundball, 13)
Álex Escobar to third
Batting: RHB Roosevelt Gibson 0-0: Ball
1-0: Ball
2-0: Ball
3-0: Called Strike
3-1: Foul Ball, location: 2F
3-2: Fly out, F7 (Flyball, 78S)
Bottom of the 3rd over - 1 run(s), 2 hit(s), 0 error(s), 1 left on base; Nortonville 0 - Virginia Beach 1
TOP OF THE 4TH
Nortonville Cherokees batting - Pitching for Virginia Beach Deuces : RHP Brent Riley
Batting: RHB José Correa 0-0: Ball
1-0: Called Strike
1-1: Foul Ball, location: 2F
1-2: Ball
2-2: SINGLE (Groundball, 56)
Batting: RHB Bob MacGruder 0-0: Ball
1-0: Ball
2-0: Foul Ball, location: 2F
2-1: Foul Ball, location: 2F
2-2: Foul Ball, location: 2F
2-2: Hit by Pitch
José Correa to second
Batting: RHB Lane Hancock 0-0: Ball
1-0: Ball
2-0: Called Strike
2-1: Ball
3-1: Called Strike
3-2: Foul Ball, location: 2F
3-2: SINGLE (Groundball, 4MD)
José Correa to third
Bob MacGruder to second
Runner from 3rd tries for Home, SAFE, throw made at trailing runner, SAFE at third!
Batting: RHB Ron Schneider 0-0: Ball
1-0: Foul Ball, location: 2F
1-1: Swinging Strike
1-2: Ball
2-2: Foul Ball, location: 2F
2-2: Ball
3-2: Base on Balls
Lane Hancock to second
Batting: RHB Chris Oudekirk 0-0: Ball
1-0: DOUBLE (Flyball, 78D)
Bob MacGruder scores
Lane Hancock scores
Ron Schneider to third
Batting: RHB David Smith 0-0: Ball
1-0: Called Strike
1-1: Foul Ball, location: 2F
1-2: Foul Ball, location: 2F
1-2: Foul Ball, location: 2F
1-2: Foul Ball, location: 2F
1-2: Fly out, F7 (Flyball, 7M)
Throwing error, E7
Ron Schneider scores
Chris Oudekirk to third
Batting: SHB Gonzalo Valentín 0-0: Ball
1-0: Ball
2-0: Ball
3-0: Base on Balls
Batting: RHB Roy Childress 0-0: Called Strike
0-1: Foul Ball, location: 2F
0-2: Ball
1-2: Strikes out swinging
Batting: RHB Víctor López 0-0: Called Strike
0-1: Called Strike
0-2: Strikes out swinging
Top of the 4th over - 4 run(s), 3 hit(s), 1 error(s), 2 left on base; Nortonville 4 - Virginia Beach 1
BOTTOM OF THE 4TH
Virginia Beach Deuces batting - Pitching for Nortonville Cherokees : LHP Clemente Buarcos
Batting: SHB Daryl Lloyd 0-0: Ball
1-0: Foul Ball, location: 2F
1-1: Reached on error, E6 (Groundball, 6M)
Batting: LHB Álex Burgos 0-0: Foul Ball, location: 2F
0-1: Ball
1-1: Foul Ball, location: 2F
1-2: Strikes out swinging
Batting: RHB Armando Hernández 0-0: Called Strike
0-1: Foul Ball, location: 2F
0-2: Foul Ball, location: 2F
0-2: Ball
1-2: Strikes out looking
Batting: RHB Maurice Evans 0-0: Foul Ball, location: 2F
0-1: Called Strike
Daryl Lloyd steals 2nd base
0-2: Strikes out swinging
Bottom of the 4th over - 0 run(s), 0 hit(s), 1 error(s), 1 left on base; Nortonville 4 - Virginia Beach 1
TOP OF THE 5TH
Nortonville Cherokees batting - Pitching for Virginia Beach Deuces : RHP Brent Riley
Batting: RHB José Correa 0-0: Foul Ball, location: 2F
0-1: Called Strike
0-2: Ball
1-2: Foul Ball, location: 2F
1-2: Foul Ball, location: 2F
1-2: Ball
2-2: Strikes out looking
Batting: RHB Bob MacGruder 0-0: Called Strike
0-1: Ball
1-1: Fly out, F3 (Popup, 13)
Batting: RHB Lane Hancock 0-0: Ball
1-0: Ball
2-0: Called Strike
2-1: Ball
3-1: Base on Balls
Batting: RHB Ron Schneider 0-0: Swinging Strike
0-1: Foul Ball, location: 2F
0-2: Ground out 6-3 (Groundball, 56)
Top of the 5th over - 0 run(s), 0 hit(s), 0 error(s), 1 left on base; Nortonville 4 - Virginia Beach 1
BOTTOM OF THE 5TH
Virginia Beach Deuces batting - Pitching for Nortonville Cherokees : LHP Clemente Buarcos
Batting: RHB Héctor Camacho 0-0: Swinging Strike
0-1: Called Strike
0-2: Ball
1-2: Foul Ball, location: 2F
1-2: Ball
2-2: Fly out, F9 (Flyball, 89D)
Batting: RHB Álex Escobar 0-0: Fly out, F7 (Flyball, 7S)
Batting: RHB Carl Carlson 0-0: Fly out, F4 (Popup, 4MD)
Bottom of the 5th over - 0 run(s), 0 hit(s), 0 error(s), 0 left on base; Nortonville 4 - Virginia Beach 1
TOP OF THE 6TH
Nortonville Cherokees batting - Pitching for Virginia Beach Deuces : RHP Brent Riley
Batting: RHB Chris Oudekirk 0-0: Called Strike
0-1: Foul Ball, location: 2F
0-2: Foul Ball, location: 2F
0-2: Ball
1-2: Strikes out looking
Batting: RHB David Smith 0-0: Called Strike
0-1: Ball
1-1: Swinging Strike
1-2: Foul Ball, location: 2F
1-2: Foul Ball, location: 2F
1-2: Foul Ball, location: 2F
1-2: Fly out, F8 (Flyball, 8LM)
Batting: SHB Gonzalo Valentín 0-0: Ball
1-0: Foul Ball, location: 2F
1-1: Foul Ball, location: 2F
1-2: Strikes out swinging
Top of the 6th over - 0 run(s), 0 hit(s), 0 error(s), 0 left on base; Nortonville 4 - Virginia Beach 1
BOTTOM OF THE 6TH
Virginia Beach Deuces batting - Pitching for Nortonville Cherokees : LHP Clemente Buarcos
Batting: LHB Enrique González 0-0: Called Strike
0-1: Foul Ball, location: 2F
0-2: Ball
1-2: Foul Ball, location: 2F
1-2: SINGLE (Groundball, 34D)
Batting: RHB Roosevelt Gibson Pickoff Throw to First - Out!
0-0: Ball
1-0: Fly out, F8 (Flyball, 8LD)
Batting: SHB Daryl Lloyd 0-0: Ball
1-0: SINGLE (Groundball, 25) (infield hit)
Batting: LHB Álex Burgos 0-0: Ball
1-0: Ball
2-0: Called Strike
2-1: Fly out, F6 (Popup, 6D)
Bottom of the 6th over - 0 run(s), 2 hit(s), 0 error(s), 1 left on base; Nortonville 4 - Virginia Beach 1
TOP OF THE 7TH
Nortonville Cherokees batting - Pitching for Virginia Beach Deuces : RHP Brent Riley
Pitching: RHP José Guzmán
Batting: RHB Roy Childress 0-0: Foul Ball, location: 2F
0-1: Called Strike
0-2: Strikes out swinging
Batting: RHB Víctor López 0-0: Ball
1-0: Foul Ball, location: 2F
1-1: Swinging Strike
1-2: Strikes out swinging
Batting: RHB José Correa 0-0: Ball
1-0: Ground out 6-3 (Groundball, 6)
Top of the 7th over - 0 run(s), 0 hit(s), 0 error(s), 0 left on base; Nortonville 4 - Virginia Beach 1
BOTTOM OF THE 7TH
Virginia Beach Deuces batting - Pitching for Nortonville Cherokees : LHP Clemente Buarcos
Batting: RHB Armando Hernández 0-0: Ball
1-0: Ground out 6-3 (Groundball, 6)
Batting: RHB Maurice Evans 0-0: Called Strike
0-1: Fly out, F3 (Popup, 3F)
Batting: RHB Héctor Camacho 0-0: Swinging Strike
0-1: Called Strike
0-2: Ball
1-2: Strikes out swinging
Bottom of the 7th over - 0 run(s), 0 hit(s), 0 error(s), 0 left on base; Nortonville 4 - Virginia Beach 1
TOP OF THE 8TH
Nortonville Cherokees batting - Pitching for Virginia Beach Deuces : RHP José Guzmán
Batting: RHB Bob MacGruder 0-0: Ball
1-0: Called Strike
1-1: Ball
2-1: SINGLE (Line Drive, 6D)
Batting: RHB Lane Hancock 0-0: Ball
1-0: Called Strike
1-1: Called Strike
1-2: Strikes out swinging
Batting: RHB Ron Schneider 0-0: Ball
1-0: Ball
2-0: Fly out, F7 (Flyball, 7M)
Batting: RHB Chris Oudekirk 0-0: Fly out, F8 (Flyball, 8RD)
Top of the 8th over - 0 run(s), 1 hit(s), 0 error(s), 1 left on base; Nortonville 4 - Virginia Beach 1
BOTTOM OF THE 8TH
Virginia Beach Deuces batting - Pitching for Nortonville Cherokees : LHP Clemente Buarcos
Batting: RHB Álex Escobar 0-0: Ball
1-0: Called Strike
1-1: Foul Ball, location: 2F
1-2: Foul Ball, location: 2F
1-2: Foul Ball, location: 2F
1-2: Strikes out swinging
Batting: RHB Carl Carlson 0-0: Ball
1-0: Called Strike
1-1: Swinging Strike
1-2: Ball
2-2: Strikes out looking
Batting: LHB Enrique González 0-0: Ball
1-0: Ball
2-0: Fly out, F5 (Popup, 56)
Bottom of the 8th over - 0 run(s), 0 hit(s), 0 error(s), 0 left on base; Nortonville 4 - Virginia Beach 1
TOP OF THE 9TH
Nortonville Cherokees batting - Pitching for Virginia Beach Deuces : RHP José Guzmán
Pitching: RHP John Bailey
Batting: RHB David Smith 0-0: Foul Ball, location: 2F
0-1: Ball
1-1: Foul Ball, location: 2F
1-2: Foul Ball, location: 2F
1-2: Ball
2-2: Ball
3-2: Foul Ball, location: 2F
3-2: Base on Balls
Batting: SHB Gonzalo Valentín 0-0: Ball
1-0: Swinging Strike
1-1: Grounds into double play, 4-6-3 (Groundball, 34)
Batting: RHB Roy Childress 0-0: Called Strike
0-1: Ball
1-1: SINGLE (Line Drive, 6MD)
Batting: RHB Víctor López 0-0: Ball
1-0: Ball
2-0: Called Strike
2-1: Ball
3-1: Base on Balls
Roy Childress to second
Batting: RHB José Correa 0-0: Called Strike
0-1: Ground out 4-3 (Groundball, 34)
Top of the 9th over - 0 run(s), 1 hit(s), 0 error(s), 2 left on base; Nortonville 4 - Virginia Beach 1
BOTTOM OF THE 9TH
Virginia Beach Deuces batting - Pitching for Nortonville Cherokees : LHP Clemente Buarcos
Pitching: RHP Eduardo Capata
Batting: RHB Roosevelt Gibson 0-0: Foul Ball, location: 2F
0-1: Fly out, F7 (Flyball, 7LM)
Batting: SHB Daryl Lloyd 0-0: Foul Ball, location: 2F
0-1: Ball
1-1: Ball
2-1: Swinging Strike
2-2: SINGLE (Groundball, 4MD)
Batting: LHB Álex Burgos 0-0: Ball
1-0: Fly out, F7 (Flyball, 7M)
Batting: RHB Armando Hernández 0-0: Ball
1-0: Called Strike
1-1: Ball
2-1: Swinging Strike
2-2: Ball
3-2: Strikes out swinging
Bottom of the 9th over - 0 run(s), 1 hit(s), 0 error(s), 1 left on base; Nortonville 4 - Virginia Beach 1
This league is powered by Out of the Park Baseball, the baseball management simulation game for PC, Mac and Linux
Monday, May 4th, 2015 - OOTP Baseball 15.6 Build 34